 Dungeon Crawl Stone Soup version 0.28-b1-25-g9875b3fc8c (webtiles) character file.

Game seed: 17058072291853695870

1025 sanka the Cleaver (level 8, -6/74 HPs)
             Began as a Hill Orc Delver on Feb 6, 2022.
             Was a Believer of Okawaru.
             Killed from afar by an orc wizard (9 damage)
             ... with a magic dart
             ... on level 5 of the Dungeon.
             The game lasted 00:11:10 (6444 turns).

sanka the Cleaver (Hill Orc Delver)                 Turns: 6444, Time: 00:11:11

Health: -6/74      AC:  9    Str: 17    XL:     8   Next: 23%
Magic:  11/11      EV:  9    Int: 10    God:    Okawaru [**....]
Gold:   182        SH:  0    Dex: 12    Spells: 7/7 levels left

rFire   . . .      SeeInvis .   a - +0 hand axe
rCold   . . .      Faith    .   (no shield)
rNeg    + . .      Spirit   .   s - +1 scale mail {rN+}
rPois   .          Reflect  .   q - +0 helmet
rElec   .          Harm     .   (no cloak)
rCorr   .          Rampage  .   n - +0 pair of gloves
Will    .....                   (no boots)
Stlth   +.........              (no amulet)
HPRegen 0.22/turn               (no ring)
MPRegen 0.12/turn               (no ring)

@: brilliant, lethally poisoned (-6 -> -26)
A: no striking features
a: Renounce Religion, Heroism


You were on level 5 of the Dungeon.
You worshipped Okawaru.
Okawaru was pleased with you.
You visited 1 branch of the dungeon, and saw 5 of its levels.

You collected 182 gold pieces.

Inventory:

Hand Weapons
 a - a +0 hand axe (weapon)
 j - a +0 flail
 t - a +0 dagger of distortion
 u - a +2 vorpal flail
Missiles
 k - 18 poisoned darts (quivered)
Armour
 n - a +0 pair of gloves (worn)
 o - a +1 robe of cold resistance
 q - a +0 helmet (worn)
 s - a +1 scale mail of positive energy (worn)
Wands
 g - a wand of digging (3)
 h - a wand of iceblast (16)
Scrolls
 b - a scroll of identify
 c - a scroll of fog
 d - a scroll of magic mapping
 e - a scroll of fear
 i - a scroll of teleportation
 m - a scroll of brand weapon
 r - a scroll of vulnerability {unknown}
Potions
 f - a potion of attraction
 l - a potion of mutation


   Skills:
 + Level 7.8 Fighting
 - Level 9.0 Axes
 - Level 1.5 Dodging
 - Level 4.1 Stealth
 - Level 4.0 Invocations


You had 7 spell levels left.
You didn't know any spells.
Your spell library contained the following spells:

 Spells                   Type           Power      Damage    Failure   Level
 Dazzling Flash           Conj/Hex       0%         N/A       99%         3
 Iskenderun's Mystic Bla  Conj/Tloc      0%         2d3       100%        4
 Starburst                Conj/Fire      0%         6d3       100%        6


Dungeon Overview and Level Annotations

Branches:
Dungeon (5/15)
 Temple: D:4-7

Altars:
Elyvilon
Okawaru
Trog
Zin


Message History

The orc wizard hits you with a +0 morningstar.
You feel less confused.
You feel very sick.
The orc wizard hits you with a +3 dagger of venom.
* * * LOW HITPOINT WARNING * * *
You are lethally poisoned!
Unknown command.
You slash the orc wizard!
The orc wizard is severely wounded.
You hit the orc wizard.
* * * LOW HITPOINT WARNING * * *
You feel very sick.
The orc wizard points at you and mumbles some strange words.
The magic dart hits you but does no damage.
The orc wizard mumbles some strange words.
The orc wizard flickers and vanishes!
Deactivating autopickup; reactivate with Ctrl-A.
Unknown command.
You slash the orc wizard!
The orc wizard is severely wounded.
You hit something but do no damage.
* * * LOW HITPOINT WARNING * * *
You feel very sick.
The orc wizard hits you but does no damage.
Unknown command.
It was a potion of brilliance.
You feel clever all of a sudden.
* * * LOW HITPOINT WARNING * * *
You feel very sick.
The orc wizard hits you but does no damage.
You are more poisoned.
You hit the orc wizard.
The orc wizard is almost dead.
You hit the orc. You hit something.
* * * LOW HITPOINT WARNING * * *
You feel very sick.
You hear some strange, mumbled words.
A magic dart appears from out of thin air!
The magic dart hits you!
You die...

###.....## #..#...#
#.###.##
####.##...#
#[....)...###.. .
##.#.##.)...... .
###########.##.#..#
# ......#...oo##.#
#. # #..:....@{..#
#..#.###...## #.
### #...# .. ##.##
). .. .. ... . .###
..


You could see an orc wizard and an orc.

Vanquished Creatures
  Edmund (D:5)
  A black bear (D:5)
  A necrophage (D:4)
  An ogre (D:5)
  2 phantoms
  A scorpion (D:4)
  A howler monkey (D:5)
  A bullfrog zombie (D:5)
  2 hounds (D:4)
  2 orc priests (D:3)
  Jessica (D:2)
  Ijyb (D:3)
  3 hound skeletons
  6 adders
  A shadow imp (D:4)
  An ufetubus (D:3)
  2 worms
  5 dart slugs
  4 orcs
  4 ball pythons
  4 bats
  7 endoplasms
  3 giant cockroaches
  7 goblins
  6 hobgoblins
  6 jackals
  6 kobolds
  5 quokkas
  4 frilled lizards
  4 rats
93 creatures vanquished.

Notes
Turn   | Place    | Note
-------+----------+-------------------------------------------
     0 | D:5      | sanka the Hill Orc Delver began the quest for the Orb.
     0 | D:5      | Reached XP level 1. HP: 19/19 MP: 1/1
    12 | D:5      | Noticed a phantom
    28 | D:4      | Noticed a phantom
   398 | D:3      | Reached skill level 3 in Axes
   448 | D:3      | Found an iron altar of Okawaru.
   463 | D:3      | Killed a phantom
   464 | D:3      | Reached skill level 5 in Axes
   464 | D:3      | Reached XP level 2. HP: 17/27 MP: 2/2
   464 | D:3      | Reached XP level 3. HP: 21/33 MP: 3/3
   464 | D:3      | Reached XP level 4. HP: 25/40 MP: 4/4
   642 | D:3      | Became a worshipper of Warmaster Okawaru
  1116 | D:3      | Found a bloodstained altar of Trog.
  1429 | D:2      | Noticed Jessica
  1511 | D:2      | Reached skill level 6 in Axes
  1782 | D:2      | Found a glowing silver altar of Zin.
  2166 | D:1      | Reached XP level 5. HP: 40/46 MP: 5/5
  3134 | D:2      | Reached skill level 7 in Axes
  3349 | D:2      | Killed Jessica
  3592 | D:3      | Reached XP level 6. HP: 9/52 MP: 6/6
  3593 | D:3      | Reached skill level 8 in Axes
  4097 | D:3      | Noticed Ijyb
  4750 | D:4      | Found a white marble altar of Elyvilon.
  5181 | D:4      | Noticed a necrophage
  5202 | D:4      | Killed a necrophage
  5202 | D:4      | Reached * piety under Okawaru
  5203 | D:4      | Reached skill level 9 in Axes
  5203 | D:4      | Reached XP level 7. HP: 48/60 MP: 7/7
  5418 | D:4      | Reached skill level 1 in Invocations
  5711 | D:3      | Killed Ijyb
  5985 | D:5      | Reached skill level 5 in Fighting
  6086 | D:5      | Noticed Edmund
  6103 | D:5      | Killed Edmund
  6104 | D:5      | Reached XP level 8. HP: 32/71 MP: 9/11
  6382 | D:5      | Reached ** piety under Okawaru
  6444 | D:5      | HP: 3/74 [poisoned by an orc wizard]
  6444 | D:5      | Killed from afar by an orc wizard

Illustrated notes

Levels and vault maps discovered:
D:1:      lightli_arrival_boilingwater, layout_rooms
D:2:      layout_basic, basic_altar, minmay_bisected, uniq_jessica
D:3:      layout_basic, kennysheep_okawaru_gauntlet, overflow_temple_1_default,
          uniq_ijyb
D:4:      layout_rooms, mainiacjoe_overflow_concentric_impassable
D:5:      layout_cave_pools, doesnt_xom_only_xom, uniq_edmund

Skill      XL: |  1  2  3  4  5  6  7  8 |
---------------+-------------------------+-----
Axes           | 5 6 7 9 |  9.0
Fighting       | 4 6 7 |  7.8
Invocations    | 4 |  4.0
Dodging        | |  1.5
Stealth        | |  4.1

Action                   |  1- 3 |  4- 6 |  7- 9 || total
-------------------------+-------+-------+-------++-------
Melee: Hand axe          |    18 |   256 |   129 ||   403
       Punch             |       |     2 |     4 ||     6
Invok: Heroism           |       |       |     4 ||     4
Evoke: Wand              |       |       |     2 ||     2
  Use: Potion            |     3 |     3 |     1 ||     7
       Scroll            |       |     3 |       ||     3
 Stab: Sleeping          |       |     6 |     1 ||     7
Armor: Leather armour    |     5 |    39 |       ||    44
       Robe              |       |    35 |     8 ||    43
       Scale mail        |       |       |    35 ||    35
Dodge: Dodged            |     8 |   145 |    48 ||   201
